 Dungeon Crawl Stone Soup version 0.23.0 (webtiles) character file.

Game seed: 5864277734108367359

24 McIvan the Charmwright (level 3, -1/31 HPs)
             Began as a Gnoll Skald on Feb 13, 2019.
             Slain by an adder (4 damage)
             ... on level 1 of the Dungeon.
             The game lasted 00:04:43 (805 turns).

McIvan the Charmwright (Gnoll Skald)                 Turns: 805, Time: 00:04:43

Health: -1/31      AC:  8    Str: 13    XL:     3   Next: 2%
Magic:  9/9        EV:  7    Int: 16    God:
Gold:   60         SH:  0    Dex: 14    Spells: 10/11 levels left

rFire    . . .     SeeInvis .   h - +3 hand axe
rCold    . . .     Gourm    .   (no shield)
rNeg     . . .     Faith    .   f - +0 chain mail
rPois    .         Spirit   .   (no helmet)
rElec    .         Reflect  .   (no cloak)
rCorr    .         Harm     .   (no gloves)
MR       .....                  (no boots)
Stlth    ..........             (no amulet)
HPRegen  0.10/turn              (no ring)
MPRegen  0.11/turn              (no ring)

@: lethally poisoned (-1 -> -2)
A: distributed training, fangs 1, strong nose
a: no special abilities


You were on level 1 of the Dungeon.
You were not hungry.

You visited 1 branch of the dungeon, and saw 2 of its levels.

You collected 60 gold pieces.

Inventory:

Hand Weapons
 a - a +0 mace
 h - a +3 hand axe (weapon)
Missiles
 k - 18 poisoned needles
Armour
 b - a +0 leather armour
 f - a +0 chain mail (worn)
Scrolls
 e - a scroll of random uselessness {unknown}
 j - a scroll of amnesia {unknown}
 l - 2 scrolls of blinking {unknown}
 m - a scroll of identify {unknown}
 n - 2 scrolls of magic mapping {unknown}
 o - a scroll of teleportation {unknown}
Potions
 c - a potion of degeneration {unknown}
 g - 2 potions of agility {unknown}
 i - 2 potions of curing {unknown}
 p - a potion of might {unknown}
 q - a potion of invisibility {unknown}
Comestibles
 d - 4 rations


   Skills:
 + Level 4.5 Fighting
 + Level 0.5 Short Blades
 + Level 0.5 Long Blades
 + Level 0.5 Axes
 + Level 4.5 Maces & Flails
 + Level 0.5 Polearms
 + Level 0.5 Staves
 + Level 0.5 Slings
 + Level 0.5 Bows
 + Level 0.5 Crossbows
 + Level 0.5 Throwing
 + Level 2.5 Armour
 + Level 4.5 Dodging
 + Level 0.5 Stealth
 + Level 0.5 Shields
 + Level 0.5 Unarmed Combat
 + Level 4.9 Spellcasting
 + Level 0.4 Conjurations
 + Level 0.4 Hexes
 + Level 5.4 Charms
 + Level 0.4 Summonings
 + Level 0.4 Necromancy
 + Level 0.4 Translocations
 + Level 0.4 Transmutations
 + Level 0.4 Fire Magic
 + Level 0.4 Ice Magic
 + Level 0.4 Air Magic
 + Level 0.4 Earth Magic
 + Level 0.4 Poison Magic
 + Level 0.7 Invocations
 + Level 0.5 Evocations


You had 10 spell levels left.
You knew the following spells:

 Your Spells              Type           Power        Failure   Level  Hunger
a - Infusion              Chrm           ###.         45%         1    None

Your spell library contained the following spells:

 Spells                   Type           Power        Failure   Level  Hunger
 Song of Slaying          Chrm           ###.....     61%         2    ##.....
 Shroud of Golubria       Chrm/Tloc      ##........   91%         2    ##.....
 Regeneration             Chrm/Necr      ##........   99%         3    ###....
 Spectral Weapon          Hex/Chrm       ##......     99%         3    ###....


Dungeon Overview and Level Annotations

Branches:
Dungeon (2/15)

Altars:


Innate Abilities, Weirdness & Mutations

Your experience applies equally to all skills.
You have very sharp teeth.
Your uncanny sense of smell can sniff out nearby items.


Message History

You feel clever.
Your chain mail prevents you from hitting the worm.
The adder barely misses you. The worm bites you!
* * * LOW HITPOINT WARNING * * *
The adder bites you but does no damage.
You feel sick. The adder bites you.
* * * LOW HITPOINT WARNING * * *
You feel sick.
There is a stone staircase leading up here.
The adder barely misses you.
You climb upwards.
There is a stone staircase leading down here.
You miss the adder.
The adder is severely wounded.
You feel sick.
The adder bites you but does no damage. x2
You closely miss the adder.
The adder is severely wounded.
The adder bites you.
You die...

# #.#............##.##.#
##########.######.###.........###
........##.# #.# ###.##.#####.
...........# #.# #..........
#######.#..# ###)### ####.######
##.#..# #.....# ###
##.....####.....#
##...........S...# ##
#......#####.@...# ≈≈ #.(....#
#.....# ≈####### #.#..†.# ###.#.#
≈#....8## #.####.# #.#.#
#≈#.....'. #.# #.#
#.#.####≈#8...8## ####.####.#
#.......≈###'#### .....^....#
###.###.≈#≈#.##♣♣ ####.###### #.#
#.≈♣♣8.#♣≈. #.# ############.#
#.≈#≈#.8#..


You could see an adder.

Vanquished Creatures
  A dart slug (D:1)
  2 giant cockroaches (D:1)
  5 goblins
  7 hobgoblins (D:1)
  A ball python (D:1)
  A giant cockroach zombie (D:1)
  A kobold (D:1)
  A leopard gecko zombie (D:1)
19 creatures vanquished.

Notes
Turn   | Place    | Note
-------+----------+-------------------------------------------
     0 | D:1      | McIvan the Gnoll Skald began the quest for the Orb.
     0 | D:1      | Reached XP level 1. HP: 20/20 MP: 6/6
   171 | D:1      | Reached XP level 2. HP: 26/26 MP: 7/7
   795 | D:2      | Reached XP level 3. HP: 14/31 MP: 9/9
   805 | D:1      | Slain by an adder

Action                   || total
-------------------------++-------
Melee: Mace              ||    20
       Hand axe          ||    33
       Bite              ||     7
Armor: Chain mail        ||    29
       Leather armour    ||     3
Dodge: Dodged            ||    22
